[Event "Schachfestival Open-A 2018"]
[Site "Lueneburg"]
[Date "2018.07.06"]
[Round "2"]
[White "Bosselmann, Tom Linus"]
[Black "Weishaeutel, Moritz"]
[Result "0-1"]
[ECO "C05"]
[WhiteElo "2036"]
[BlackElo "2236"]
[Annotator "NA"]
[PlyCount "130"]
[EventDate "2018.07.06"]
[EventType "swiss"]
[EventCountry "GER"]
[SourceTitle "playchess.com"]
[Source "ChessBase"]
[SourceQuality "1"]
[TimeControl "40/5400+30:1800+30"]

1. e4 e6 2. d4 d5 3. Nd2 Nf6 4. e5 Nfd7 5. f4 c5 6. c3 Nc6 7. Ndf3 Qb6 8. Ne2 cxd4 9. cxd4 Bb4+ 10. Kf2 f6 11. Be3 O-O 12. g3 fxe5 13. dxe5 Bc5 14. Qd2 Ndxe5 15. Nxe5 Nxe5 16. Bxc5 Qxc5+ 17. Qd4 Ng4+ 18. Kf3 Qxd4 19. Nxd4 e5 20. h3 exd4 21. hxg4 Re8 22. Rh4 Bd7 23. Rd1 Re4 24. Bd3 Re3+ 25. Kf2 g6 26. Bf1 Bc6 27. Rxd4 Re4 28. Rxe4 dxe4 29. Bc4+ Kg7 30. Ke3 Rc8 31. Rh1 Bd7 32. b3 b5 33. Bd5 Rc3+ 34. Kxe4 Bxg4 35. Rg1 b4 36. Kd4 a5 37. Be4 Kf6 38. Bd5 h5 39. Be4 Bf3 40. Bxf3 Rxf3 41. Ke4 Rf2 42. Ra1 Rc2 43. Rd1 Re2+ 44. Kf3 Rxa2 45. Rd6+ Kf7 46. Ra6 Ra3 47. Ra7+ Ke6 48. Ke4 Rxb3 49. Ra6+ Kf7 50. Rxa5 Rxg3 51. Rb5 b3 52. Rb7+ Ke6 53. Rb6+ Kd7 54. Rb4 h4 55. Rd4+ Ke6 56. Rd2 Rc3 57. Rb2 Rc4+ 58. Ke3 Rb4 59. Ke2 Kd5 60. Ke3 Kc4 61. Kd2 Kd4 62. Rb1 b2 63. Kc2 Ke3 64. Re1+ Kf2 65. Rb1 h3 0-1

[Event "Schachfestival Open-A 2018"]
[Site "Lueneburg"]
[Date "2018.07.06"]
[Round "2"]
[White "Haerig, Wilfried"]
[Black "Colpe, Malte"]
[Result "0-1"]
[ECO "B51"]
[WhiteElo "2022"]
[BlackElo "2382"]
[Annotator "NA"]
[PlyCount "44"]
[EventDate "2018.07.06"]
[EventType "swiss"]
[EventCountry "GER"]
[SourceTitle "playchess.com"]
[Source "ChessBase"]
[SourceQuality "1"]
[TimeControl "40/5400+30:1800+30"]

1. e4 c5 2. Nf3 d6 3. Bb5+ Nc6 4. Bxc6+ bxc6 5. O-O e5 6. h3 Ne7 7. d3 Ng6 8. Nbd2 Be7 9. c3 O-O 10. Nc4 f5 11. Qa4 fxe4 12. dxe4 Bxh3 13. Nfxe5 dxe5 14. gxh3 Qd7 15. Ne3 Qxh3 16. Ng2 Qg4 17. f3 Qg3 18. Qc4+ Kh8 19. Qe2 c4 20. Be3 Nh4 21. f4 Nxg2 22. Rf3 Nxf4+ 0-1

[Event "Schachfestival Open-A 2018"]
[Site "Lueneburg"]
[Date "2018.07.06"]
[Round "2"]
[White "Hoffmann, Lennard"]
[Black "Poeck, Ole"]
[Result "1-0"]
[ECO "C65"]
[WhiteElo "1981"]
[BlackElo "2195"]
[Annotator "NA"]
[PlyCount "49"]
[EventDate "2018.07.06"]
[EventType "swiss"]
[EventCountry "GER"]
[SourceTitle "playchess.com"]
[Source "ChessBase"]
[SourceQuality "1"]
[TimeControl "40/5400+30:1800+30"]

1. e4 e5 2. Nf3 Nc6 3. Bb5 Nf6 4. Qe2 Bc5 5. c3 O-O 6. O-O Re8 7. Rd1 d5 8. d3 Qd6 9. Nbd2 Bxf2+ 10. Qxf2 Ng4 11. Qe2 Qc5+ 12. d4 exd4 13. Nb3 Qb6 14. cxd4 Rxe4 15. Qf1 Be6 16. Bxc6 bxc6 17. Nc5 Rxd4 18. Nxd4 Qxc5 19. h3 Nf6 20. Be3 Qd6 21. Bf4 Qd7 22. Rac1 Ne4 23. Rxc6 Rc8 24. Rdc1 Bxh3 25. gxh3 1-0

[Event "Schachfestival Open-A 2018"]
[Site "Lueneburg"]
[Date "2018.07.06"]
[Round "2"]
[White "Stolberg-Rohr, Thomine"]
[Black "Boehm, Juergen"]
[Result "0-1"]
[ECO "D15"]
[WhiteElo "1975"]
[BlackElo "2233"]
[Annotator "NA"]
[PlyCount "29"]
[EventDate "2018.07.06"]
[EventType "swiss"]
[EventCountry "GER"]
[SourceTitle "playchess.com"]
[Source "ChessBase"]
[SourceQuality "1"]
[TimeControl "40/5400+30:1800+30"]

1. d4 d5 2. c4 c6 3. Nc3 Nf6 4. Nf3 a6 5. b3 Bf5 6. e3 e6 7. Bd3 Bb4 8. Bb2 Qa5 9. Qc2 Bxd3 10. Qxd3 Ne4 11. Rc1 Qxa2 12. Qc2 dxc4 13. bxc4 Nxc3 14. Bxc3 Qxc4 15. Bd2 0-1

[Event "Schachfestival Open-A 2018"]
[Site "Lueneburg"]
[Date "2018.07.08"]
[Round "4"]
[White "Vorobiov, Evgeny E"]
[Black "Genov, Petar"]
[Result "1-0"]
[ECO "B10"]
[WhiteElo "2564"]
[BlackElo "2435"]
[Annotator "ChessBase"]
[PlyCount "123"]
[EventDate "2018.07.06"]
[EventType "swiss"]
[EventCountry "GER"]
[SourceTitle "playchess.com"]
[Source "ChessBase"]
[SourceQuality "1"]
[TimeControl "40/5400+30:1800+30"]

1. e4 c6 2. Nf3 d5 3. Nc3 Nf6 4. e5 Ne4 5. Ne2 Qb6 6. d4 e6 7. Ng3 c5 8. c3 Nc6 9. Bd3 cxd4 10. Nxe4 dxe4 11. Bxe4 dxc3 12. bxc3 Qa5 13. O-O Nxe5 14. Rb1 Nxf3+ 15. Qxf3 Bd6 16. Rd1 Qc7 17. Ba3 Bxa3 18. Bxb7 O-O 19. Bxa8 Bc5 20. Qc6 Qe5 21. Re1 Qf5 22. Qf3 Qg5 23. Bb7 Bd7 24. Bc6 Bc8 25. a4 g6 26. Red1 Bb6 27. Rb2 Kg7 28. Rbd2 Ba6 29. g3 Kg8 30. h4 Qc5 31. Bb5 Bc8 32. Qc6 Qe5 33. Kh2 Qf5 34. Bd3 Qe5 35. Bf1 Ba5 36. Bg2 Qxc3 37. Qxc3 Bxc3 38. Rd8 Ba5 39. Rxf8+ Kxf8 40. Bc6 Ke7 41. Kg2 h6 42. h5 g5 43. g4 Bc7 44. f3 Bd6 45. Rb1 Bc7 46. Rb3 a5 47. Kf2 Bd6 48. Rb1 Ba6 49. Bb5 Bb7 50. Ke2 Bf4 51. Rb2 Be5 52. Rc2 Bd6 53. Bd3 Kd8 54. Be4 Bc8 55. Kd3 Bd7 56. Bc6 Bc8 57. Kd4 Ke7 58. Rc1 Ba6 59. Be4 Be2 60. Bb7 Bf4 61. Re1 e5+ 62. Kc3 1-0

[Event "Schachfestival Open-A 2018"]
[Site "Lueneburg"]
[Date "2018.07.08"]
[Round "4"]
[White "Malakhatko, Vadim"]
[Black "Colpe, Malte"]
[Result "1-0"]
[ECO "A13"]
[WhiteElo "2499"]
[BlackElo "2382"]
[Annotator "ChessBase"]
[PlyCount "103"]
[EventDate "2018.07.06"]
[EventType "swiss"]
[EventCountry "GER"]
[SourceTitle "playchess.com"]
[Source "ChessBase"]
[SourceQuality "1"]
[TimeControl "40/5400+30:1800+30"]

1. c4 e6 2. g3 d5 3. Bg2 Nf6 4. Nf3 dxc4 5. Qa4+ Bd7 6. Qxc4 c5 7. Ne5 Qc8 8. Qd3 Nc6 9. Nxd7 Nxd7 10. Nc3 Be7 11. Qb5 a6 12. Qa4 b5 13. Qe4 Nde5 14. f4 f5 15. Qe3 Nd4 16. O-O Ng4 17. Qd3 c4 18. Qb1 Nxe2+ 19. Nxe2 Qc5+ 20. Kh1 Nf2+ 21. Rxf2 Qxf2 22. Ng1 Rd8 23. Qc2 h5 24. Qd1 h4 25. Nh3 Qd4 26. Qe1 Kf7 27. d3 Qxd3 28. Be3 hxg3 29. Qxg3 Bh4 30. Qf3 Rd7 31. Rg1 g6 32. Ng5+ Bxg5 33. fxg5 Qd6 34. Bf4 e5 35. Bg3 Re8 36. b3 cxb3 37. Qxb3+ Kg7 38. Re1 f4 39. Bf2 Qd2 40. Qh3 Rd6 41. Kg1 Qxa2 42. Bc5 Qd2 43. Rf1 Rde6 44. Qb3 Qd8 45. h4 Qc7 46. Rc1 Qf7 47. Bd5 Qf5 48. Bxe6 Rxe6 49. Qd5 Qg4+ 50. Kf1 Qh3+ 51. Ke2 Qh2+ 52. Bf2 1-0

[Event "Schachfestival Open-A 2018"]
[Site "Lueneburg"]
[Date "2018.07.08"]
[Round "4"]
[White "Sebastian, Dirk"]
[Black "Weishaeutel, Moritz"]
[Result "1-0"]
[ECO "C05"]
[WhiteElo "2447"]
[BlackElo "2236"]
[Annotator "NA"]
[PlyCount "97"]
[EventDate "2018.07.06"]
[EventType "swiss"]
[EventCountry "GER"]
[SourceTitle "playchess.com"]
[Source "ChessBase"]
[SourceQuality "1"]
[TimeControl "40/5400+30:1800+30"]

1. e4 e6 2. d4 d5 3. Nd2 Nf6 4. e5 Nfd7 5. Bd3 c5 6. c3 Nc6 7. Ngf3 f6 8. exf6 Nxf6 9. O-O cxd4 10. cxd4 {[%emt 0:02:53] LiveBook: 72 Games} Bd6 11. Re1 O-O 12. Nf1 {[%emt 0:00:06] C06: French Tarrasch: 3...Nf6 4 e5 Nfd7 5 Bd3 main lines} Qc7 (12... Qb6 13. Rb1 Nb4 14. a3 Nxd3 15. Qxd3 Bd7 16. Ng3 Bb5 17. Qd1 Rae8 18. Ne5 Bxe5 19. Rxe5 Nd7 20. Rg5 e5 21. Be3 h6 22. Rh5 Qg6 23. Rc1 Bc6 {1-0 (23) Carlsen,M (2802)-Ponomariov,R (2744) Moscow 2010}) 13. Bd2 e5 14. dxe5 Nxe5 15. Nxe5 Bxe5 16. Bb4 $146 ({Predecessor:} 16. Qb3 Ng4 17. Qxd5+ Kh8 18. Ng3 Qb6 19. Be3 Nxe3 {½-½ (32) Krause,N (1895)-Schatz,D (1813) GER email 2012}) 16... Ng4 (16... Re8 $11 {remains equal.}) 17. Rxe5 Qxe5 18. Bxh7+ Kxh7 19. Bxf8 Nxf2 20. Kxf2 Bg4 21. Qxg4 Qxb2+ 22. Kg1 Qxa1 23. Bc5 Qf6 24. Qh5+ Kg8 25. h3 Rd8 26. Ne3 b6 27. Bb4 Qf4 28. Bd2 d4 29. Nf1 Qf7 30. Qg5 Qf6 31. Qb5 Rf8 32. Be1 Qf5 $11 33. Qc4+ Qf7 34. Qe2 Re8 35. Qd2 Qc4 36. Bf2 Re2 37. Qf4 Rxa2 38. Ng3 Qf7 39. Qxd4 b5 40. Ne4 Ra4 41. Qe5 Rc4 42. Bc5 Rc1+ 43. Kh2 Rxc5 44. Nxc5 a5 45. Ne4 a4 46. Ng5 Qf8 47. h4 g6 48. Qe6+ Kg7 49. Qd7+ 1-0

[Event "Schachfestival Open-A 2018"]
[Site "Lueneburg"]
[Date "2018.07.08"]
[Round "4"]
[White "Simantsev, Mikhail"]
[Black "Mirzoev, Azer"]
[Result "1/2-1/2"]
[ECO "D20"]
[WhiteElo "2434"]
[BlackElo "2506"]
[Annotator "ChessBase"]
[PlyCount "22"]
[EventDate "2018.07.06"]
[EventType "swiss"]
[EventCountry "GER"]
[SourceTitle "playchess.com"]
[Source "ChessBase"]
[SourceQuality "1"]
[TimeControl "40/5400+30:1800+30"]

1. d4 d5 2. c4 dxc4 3. e4 Nf6 4. e5 Nd5 5. Bxc4 Nb6 6. Bb3 Nc6 7. Nf3 Bg4 8. Ng5 Bxd1 9. Bxf7+ Kd7 10. Be6+ Ke8 11. Bf7+ Kd7 1/2-1/2

[Event "Schachfestival Open-A 2018"]
[Site "Lueneburg"]
[Date "2018.07.08"]
[Round "4"]
[White "Sriram, Jha"]
[Black "Karpatchev, Aleksandr"]
[Result "1/2-1/2"]
[ECO "A06"]
[WhiteElo "2409"]
[BlackElo "2469"]
[Annotator "ChessBase"]
[PlyCount "31"]
[EventDate "2018.07.06"]
[EventType "swiss"]
[EventCountry "GER"]
[SourceTitle "playchess.com"]
[Source "ChessBase"]
[SourceQuality "1"]
[TimeControl "40/5400+30:1800+30"]

1. Nf3 d5 2. g3 g6 3. Bg2 Bg7 4. d4 Nf6 5. O-O c6 6. c4 dxc4 7. a4 Ne4 8. Qc2 Nd6 9. e4 a5 10. Na3 Na6 11. Nxc4 Nb4 12. Nxd6+ exd6 13. Qd1 Bg4 14. h3 Bxf3 15. Bxf3 d5 16. Be3 1/2-1/2

[Event "Schachfestival Open-A 2018"]
[Site "Lueneburg"]
[Date "2018.07.08"]
[Round "4"]
[White "Hess, Christian Mathias"]
[Black "Utiatskaja, Irina"]
[Result "0-1"]
[ECO "B08"]
[WhiteElo "2243"]
[BlackElo "2155"]
[Annotator "NA"]
[PlyCount "60"]
[EventDate "2018.07.06"]
[EventType "swiss"]
[EventCountry "GER"]
[SourceTitle "playchess.com"]
[Source "ChessBase"]
[SourceQuality "1"]
[TimeControl "40/5400+30:1800+30"]

1. Nf3 g6 2. e4 Bg7 3. d4 d6 4. Be2 Nf6 5. Nc3 O-O 6. O-O c6 7. a4 Qc7 8. b3 Rd8 9. Ba3 a5 10. Re1 Na6 11. Bc4 h6 12. e5 dxe5 13. Nxe5 e6 14. Ne4 Nxe4 15. Rxe4 Kh7 16. Qf3 f6 17. Nd3 f5 18. Re2 Bxd4 19. Rae1 Bc3 20. Rf1 e5 21. Nf4 Bb4 22. Nxg6 Kxg6 23. Qg3+ Kh7 24. Bb2 e4 25. Be5 Bd6 26. f4 Bxe5 27. fxe5 b5 28. Rxe4 bxc4 29. Rh4 Qg7 30. Qf3 Nb4 0-1

[Event "Schachfestival Open-A 2018"]
[Site "Lueneburg"]
[Date "2018.07.08"]
[Round "4"]
[White "Ngo, Minh Duc"]
[Black "Marxen, Peter"]
[Result "1/2-1/2"]
[ECO "A06"]
[WhiteElo "2191"]
[BlackElo "2068"]
[Annotator "NA"]
[PlyCount "151"]
[EventDate "2018.07.06"]
[EventType "swiss"]
[EventCountry "GER"]
[SourceTitle "playchess.com"]
[Source "ChessBase"]
[SourceQuality "1"]
[TimeControl "40/5400+30:1800+30"]

1. Nf3 d5 2. b3 Bf5 3. Bb2 e6 4. e3 h6 5. d4 Nf6 6. Nbd2 Nbd7 7. Be2 Bd6 8. O-O Qe7 9. c4 Ba3 10. Bc3 Bb4 11. Qc1 Bxc3 12. Qxc3 c6 13. Rfe1 O-O 14. Bd3 Bxd3 15. Qxd3 Rfe8 16. e4 dxe4 17. Nxe4 Nxe4 18. Qxe4 Rad8 19. Rad1 Nf6 20. Qf4 a6 21. g4 Qd6 22. Ne5 Qe7 23. Qg3 c5 24. dxc5 Qxc5 25. Qf4 Qe7 26. Qf3 Nh7 27. Qe3 Rxd1 28. Rxd1 Rd8 29. Rxd8+ Qxd8 30. Qd3 Qa5 31. Nxf7 Kxf7 32. Qxh7 Qxa2 33. Qd3 Qa1+ 34. Kg2 Qf6 35. c5 Qe7 36. Qd4 Qc7 37. h4 Qc6+ 38. Kg3 Qh1 39. Qd7+ Kf6 40. g5+ hxg5 41. hxg5+ Kxg5 42. Qxg7+ Kf5 43. Qf7+ Ke5 44. Qf4+ Kd5 45. Qd6+ Ke4 46. Qxe6+ Kd4 47. Qc4+ Ke5 48. f4+ Kf6 49. Qd4+ Kf7 50. Qd7+ Kf6 51. Qd4+ Kf5 52. Qe5+ Kg6 53. f5+ Kg5 54. Qf4+ Kf6 55. Kf2 Qb1 56. Qh6+ Ke5 57. Qe6+ Kf4 58. f6 Qb2+ 59. Kf1 Qa1+ 60. Kg2 Qb2+ 61. Kf1 Qa1+ 62. Ke2 Qb2+ 63. Kd3 Qb1+ 64. Kc3 Qc1+ 65. Kd3 Qd1+ 66. Kc3 Qc1+ 67. Kb4 Qd2+ 68. Ka3 Qa5+ 69. Kb2 Qd2+ 70. Kb1 Qd1+ 71. Ka2 Qd2+ 72. Ka1 Qc1+ 73. Ka2 Qd2+ 74. Kb1 Qd1+ 75. Kb2 Qd2+ 76. Kb1 1/2-1/2

[Event "Schachfestival Open-A 2018"]
[Site "Lueneburg"]
[Date "2018.07.08"]
[Round "4"]
[White "Kardoeus, David"]
[Black "Hesse, Henrik"]
[Result "0-1"]
[ECO "B48"]
[WhiteElo "2188"]
[BlackElo "2057"]
[Annotator "NA"]
[PlyCount "46"]
[EventDate "2018.07.06"]
[EventType "swiss"]
[EventCountry "GER"]
[SourceTitle "playchess.com"]
[Source "ChessBase"]
[SourceQuality "1"]
[TimeControl "40/5400+30:1800+30"]

1. e4 c5 2. Nf3 e6 3. d4 cxd4 4. Nxd4 Nc6 5. Nc3 Qc7 6. Be3 $14 {[%emt 0:00:06] LiveBook: 7376 Games} a6 7. Qf3 d6 8. O-O-O Bd7 9. Qg3 Nf6 10. Kb1 g6 11. Be2 b5 12. a3 Rb8 13. Bg5 Ng8 14. Rhe1 h6 15. Be3 Nf6 16. f4 b4 17. axb4 Nxb4 18. Nb3 Nxe4 19. Qf3 Nxc3+ 20. bxc3 Qxc3 21. Qe4 Bg7 22. Bc1 Nd3 23. Rxd3 Qa1# 0-1

[Event "Schachfestival Open-A 2018"]
[Site "Lueneburg"]
[Date "2018.07.08"]
[Round "4"]
[White "Herrmann, Andreas"]
[Black "Popvasilev, Kaloyan"]
[Result "0-1"]
[ECO "A46"]
[WhiteElo "2171"]
[BlackElo "2020"]
[Annotator "NA"]
[PlyCount "132"]
[EventDate "2018.07.06"]
[EventType "swiss"]
[EventCountry "GER"]
[SourceTitle "playchess.com"]
[Source "ChessBase"]
[SourceQuality "1"]
[TimeControl "40/5400+30:1800+30"]

1. d4 Nf6 2. Nf3 e6 3. Bf4 b6 4. Nbd2 Bb7 5. e3 Be7 6. h3 O-O 7. Bd3 c5 8. O-O cxd4 9. exd4 d6 10. Re1 a6 11. a4 Nbd7 12. c3 Re8 13. Bh2 Nf8 14. Qb3 Ng6 15. a5 b5 16. c4 Bxf3 17. Nxf3 $11 ({Much weaker is} 17. gxf3 bxc4 18. Nxc4 Nd5 $17) 17... bxc4 18. Bxc4 Qb8 19. Qd3 Qa7 20. Qe2 Bf8 21. Bd3 Reb8 22. Rec1 Nd5 23. Bxg6 hxg6 24. Rc6 Qb7 25. Rac1 Qxb2 26. Qxb2 Rxb2 27. Bxd6 Bxd6 28. Rxd6 Ra2 29. Rc5 Nf6 30. Ng5 Kf8 31. Rc7 Rxa5 32. f4 Rxg5 33. fxg5 Ne8 34. Rdd7 Nxc7 35. Rxc7 a5 36. Rc3 a4 37. Ra3 Ke7 38. Kf2 Kd6 39. Ke3 Kc6 40. Kd3 Kb5 41. Kc3 Rc8+ 42. Kb2 Kb4 43. Rf3 Rc7 44. h4 Ra7 45. Rf4 a3+ 46. Ka2 Kc4 47. g4 Kd3 48. h5 Ke3 49. Rf1 gxh5 50. gxh5 Kxd4 51. g6 f5 52. Rd1+ Ke5 53. Rd8 Kf6 54. Rf8+ Kg5 55. Rf7 Ra8 56. Rxg7 Kxh5 57. Re7 Kxg6 58. Rxe6+ Kg5 59. Re1 f4 60. Rg1+ Kh4 61. Rh1+ Kg3 62. Rg1+ Kf2 63. Rg7 f3 64. Rg6 Ra5 65. Rg8 Ke3 66. Re8+ Kf4 0-1

[Event "Schachfestival Open-A 2018"]
[Site "Lueneburg"]
[Date "2018.07.08"]
[Round "4"]
[White "Thorsbro, Peter"]
[Black "Bente, Bjoern"]
[Result "1/2-1/2"]
[ECO "E32"]
[WhiteElo "2116"]
[BlackElo "2219"]
[Annotator "NA"]
[PlyCount "119"]
[EventDate "2018.07.06"]
[EventType "swiss"]
[EventCountry "GER"]
[SourceTitle "playchess.com"]
[Source "ChessBase"]
[SourceQuality "1"]
[TimeControl "40/5400+30:1800+30"]

1. d4 e6 2. c4 Nf6 3. Nc3 Bb4 4. Qc2 O-O 5. a3 Bxc3+ 6. Qxc3 b5 7. cxb5 c6 8. Bg5 cxb5 9. e3 Bb7 10. Nf3 a6 $14 {[%emt 0:00:36] LiveBook: 67 Games} 11. Bd3 Nc6 12. O-O Rc8 13. Qd2 Na5 14. Qe2 h6 15. Bh4 Nb3 16. Rad1 g5 17. Bg3 Ne4 18. Ne5 d6 19. Ng4 Kg7 20. f4 f5 21. Nf2 Nxg3 22. hxg3 gxf4 23. gxf4 Qh4 24. Nh3 Rg8 25. Qf2 Qh5 26. Be2 Qg6 27. Bf3 Bxf3 28. Qxf3 Kh8 29. Rf2 Na5 30. Re2 d5 31. Nf2 Qg3 32. Qxg3 Rxg3 33. Nd3 Nb3 34. Kf2 Rg7 35. Ne5 Rgc7 36. Nd3 Kg7 37. Kf3 Rc2 38. Ne1 R2c7 39. Nd3 a5 40. Rg1 Rc2 41. g4 Nd2+ 42. Kf2 Ne4+ 43. Kf1 Rxe2 44. Kxe2 Rc2+ 45. Ke1 Kf6 46. gxf5 Kxf5 47. Rg8 Kf6 48. Rf8+ Kg7 49. Rb8 h5 50. Rxb5 h4 51. Rxa5 h3 52. Ra7+ Kh6 53. Ra8 h2 54. Rh8+ Kg7 55. Rh3 Rg2 56. Nc5 Nxc5 57. dxc5 Rxb2 58. Kf1 Kf6 59. c6 Ke7 60. Rh7+ 1/2-1/2

[Event "Schachfestival Open-A 2018"]
[Site "Lueneburg"]
[Date "2018.07.08"]
[Round "4"]
[White "Joehnk, Christian"]
[Black "Boehm, Juergen"]
[Result "1/2-1/2"]
[ECO "A40"]
[WhiteElo "1996"]
[BlackElo "2233"]
[Annotator "NA"]
[PlyCount "61"]
[EventDate "2018.07.06"]
[EventType "swiss"]
[EventCountry "GER"]
[SourceTitle "playchess.com"]
[Source "ChessBase"]
[SourceQuality "1"]
[TimeControl "40/5400+30:1800+30"]

1. d4 g6 2. Nf3 Bg7 3. Bf4 d6 4. c3 Nd7 5. e3 e5 6. dxe5 dxe5 7. Bg5 f6 8. Bh4 Nh6 9. e4 Qe7 10. Bc4 Nf7 11. Qe2 Nb6 12. Bb3 Be6 13. Na3 O-O 14. Nd2 a5 15. f3 a4 16. Bxe6 Qxe6 17. Bf2 Rfd8 18. O-O Rd7 19. Be3 Rad8 20. Ndc4 Nxc4 21. Qxc4 Qxc4 22. Nxc4 Rd3 23. Kf2 Bh6 24. Bxh6 Nxh6 25. Rfe1 b5 26. Ne3 c6 27. Rad1 Nf7 28. Ke2 Rxd1 29. Rxd1 Rxd1 30. Kxd1 Kf8 31. Ke1 1/2-1/2

[Event "Schachfestival Open-A 2018"]
[Site "Lueneburg"]
[Date "2018.07.08"]
[Round "4"]
[White "Hoffmann, Lennard"]
[Black "Buchenau, Frank"]
[Result "0-1"]
[ECO "C11"]
[WhiteElo "1981"]
[BlackElo "2275"]
[Annotator "NA"]
[PlyCount "80"]
[EventDate "2018.07.06"]
[EventType "swiss"]
[EventCountry "GER"]
[SourceTitle "playchess.com"]
[Source "ChessBase"]
[SourceQuality "1"]
[TimeControl "40/5400+30:1800+30"]

1. e4 e6 2. d4 d5 3. Nc3 Nf6 4. e5 Nfd7 5. f4 c5 6. Be3 cxd4 7. Bxd4 Nc6 8. Nf3 Nxd4 {[%emt 0:02:03] C11: Französische Verteidigung} 9. Nxd4 Bc5 10. Qd2 Nxe5 11. O-O-O Nc6 12. Nf3 $146 ({Vorgänger:} 12. Bb5 Bd7 13. Nb3 Be7 14. Nxd5 exd5 15. Qxd5 Qc7 16. Rhe1 O-O-O 17. Qxf7 Bf6 18. Nc5 Qxf4+ 19. Kb1 Qb4 {0-1 (19) Soderberg,P (2222)-Wiedenkeller,M (2519) Sweden 2004}) 12... O-O 13. Bd3 Qa5 14. Bxh7+ Kxh7 15. Ng5+ Kg6 16. Qd3+ Kf6 17. Nh7+ Ke7 18. Rhe1 d4 19. Nd5+ Kd8 20. Nxf8 Bxf8 21. Nc3 Ke8 22. Nb5 Bd7 23. Nxd4 Nxd4 24. Qxd4 Bc6 25. Re5 Qxa2 26. Rd3 Qa1+ 27. Kd2 Qf1 28. f5 Qxg2+ 29. Kc3 Rc8 30. Kb3 Be7 31. fxe6 Rd8 32. exf7+ Kf8 33. Qc4 Rxd3+ 34. Qxd3 Qf3 35. Re3 Qxf7+ 36. c4 b5 37. Kc3 $19 Bf6+ 38. Kd2 Bg5 39. Qd6+ Kg8 40. Qxc6 Qf2+ 0-1

[Event "Schachfestival Open-A 2018"]
[Site "Lueneburg"]
[Date "2018.07.08"]
[Round "4"]
[White "Stolberg-Rohr, Thomine"]
[Black "Poeck, Ole"]
[Result "0-1"]
[ECO "E32"]
[WhiteElo "1975"]
[BlackElo "2195"]
[Annotator "NA"]
[PlyCount "66"]
[EventDate "2018.07.06"]
[EventType "swiss"]
[EventCountry "GER"]
[SourceTitle "playchess.com"]
[Source "ChessBase"]
[SourceQuality "1"]
[TimeControl "40/5400+30:1800+30"]

1. d4 Nf6 2. c4 e6 3. Nc3 Bb4 4. Qc2 O-O 5. a3 Bxc3+ 6. Qxc3 d5 7. Bg5 h6 8. Bh4 c5 9. cxd5 cxd4 10. Qxd4 Nc6 11. Qd2 exd5 $15 12. Rd1 Re8 13. Nf3 Bg4 14. h3 Bxf3 15. gxf3 Ne5 16. Bg2 Ng6 17. Bg3 Qe7 18. e3 Nh5 19. O-O Rad8 20. Rfe1 Nh4 21. Bxh4 Qxh4 22. Qd4 Qg5 23. Qxa7 Re6 24. Rd4 f5 25. f4 Nxf4 26. exf4 Rxe1+ 27. Kh2 Qh4 28. Qa5 Re2 29. Qb6 Kh7 30. Rd3 Qxf2 31. Qxf2 Rxf2 32. Kg3 Rxb2 33. Bxd5 Rb5 0-1

[Event "Schachfestival Open-A 2018"]
[Site "Lueneburg"]
[Date "2018.07.08"]
[Round "4"]
[White "Mieck, Jale"]
[Black "Puschendorf, Steffen"]
[Result "1/2-1/2"]
[ECO "C00"]
[WhiteElo "1951"]
[BlackElo "2153"]
[Annotator "NA"]
[PlyCount "115"]
[EventDate "2018.07.06"]
[EventType "swiss"]
[EventCountry "GER"]
[SourceTitle "playchess.com"]
[Source "ChessBase"]
[SourceQuality "1"]
[TimeControl "40/5400+30:1800+30"]

1. e4 e6 2. d4 d5 3. Bd3 dxe4 4. Bxe4 Nf6 5. Bf3 c5 6. Ne2 Qb6 7. O-O Bd7 8. Nbc3 Bc6 9. d5 $18 exd5 10. Nxd5 Nxd5 11. Bxd5 Bxd5 12. Qxd5 Nc6 13. Bg5 Be7 14. Nc3 O-O 15. Na4 Qa5 16. Bxe7 Nxe7 17. Qxc5 Qxa4 18. Qxe7 Rfe8 19. Qxb7 Rab8 20. b3 Rxb7 21. bxa4 Rb2 22. Rfb1 Reb8 23. Rxb2 Rxb2 24. Rd1 Kf8 25. Kf1 Rxa2 26. Rd4 Ke7 27. Rc4 Kd6 28. Ke2 a5 29. Kd3 Ra3+ 30. c3 Ra2 31. Rf4 Ke6 32. h4 f5 33. Ke3 g6 34. g4 Ke5 35. h5 Ra3 36. Rc4 Kd5 37. Kd3 Ra2 38. gxf5 gxf5 39. Rc7 Rxa4 40. c4+ Ke5 41. Rxh7 Ra3+ 42. Ke2 Ra2+ 43. Kf3 Ra3+ 44. Kg2 Kf6 45. c5 Rc3 46. c6 Kg5 47. Ra7 Rxc6 48. Rxa5 Kg4 49. Ra8 Rh6 50. Rg8+ Kf4 51. Ra8 Rxh5 52. Ra4+ Kg5 53. Kg3 Rh8 54. Kf3 Rh3+ 55. Kg2 Rb3 56. Ra8 Kg4 57. Rg8+ Kf4 58. Ra8 1/2-1/2

[Event "Schachfestival Open-A 2018"]
[Site "Lueneburg"]
[Date "2018.07.08"]
[Round "4"]
[White "Ploder, Udo"]
[Black "Ramme, Christoph"]
[Result "1/2-1/2"]
[ECO "B99"]
[WhiteElo "1874"]
[BlackElo "2158"]
[Annotator "NA"]
[PlyCount "50"]
[EventDate "2018.07.06"]
[EventType "swiss"]
[EventCountry "GER"]
[SourceTitle "playchess.com"]
[Source "ChessBase"]
[SourceQuality "1"]
[TimeControl "40/5400+30:1800+30"]

1. e4 c5 2. Nf3 d6 3. d4 cxd4 4. Nxd4 Nf6 5. Nc3 a6 6. Bg5 e6 7. f4 Be7 8. Qf3 Qc7 9. O-O-O Nbd7 10. Bd3 h6 11. Bh4 g5 12. fxg5 Ne5 13. Qe2 Nh7 14. Bg3 Bxg5+ 15. Kb1 Bd7 16. Nf3 Bf6 17. Nxe5 Bxe5 18. Bxe5 dxe5 19. Rhf1 Nf8 20. Qf3 Rh7 21. Qf6 Ng6 22. g3 Qd8 23. Qf2 Qc7 24. Qf6 Qd8 25. Qf2 Bc8 1/2-1/2

[Event "Schachfestival Open-A 2018"]
[Site "Lueneburg"]
[Date "2018.07.09"]
[Round "5"]
[White "Mirzoev, Azer"]
[Black "Sriram, Jha"]
[Result "1/2-1/2"]
[ECO "D10"]
[WhiteElo "2506"]
[BlackElo "2409"]
[Annotator "ChessBase"]
[PlyCount "24"]
[EventDate "2018.07.06"]
[EventType "swiss"]
[EventCountry "GER"]
[SourceTitle "playchess.com"]
[Source "ChessBase"]
[SourceQuality "1"]
[TimeControl "40/5400+30:1800+30"]

1. d4 d5 2. c4 c6 3. Nc3 Nf6 4. cxd5 cxd5 5. Bf4 Nc6 6. e3 Bf5 7. Bd3 Bxd3 8. Qxd3 e6 9. Nge2 Bd6 10. Bxd6 Qxd6 11. O-O O-O 12. Rfc1 Rfc8 1/2-1/2

[Event "Schachfestival Open-A 2018"]
[Site "Lueneburg"]
[Date "2018.07.09"]
[Round "5"]
[White "Malakhatko, Vadim"]
[Black "Vorobiov, Evgeny E"]
[Result "1/2-1/2"]
[ECO "D27"]
[WhiteElo "2499"]
[BlackElo "2564"]
[Annotator "ChessBase"]
[PlyCount "21"]
[EventDate "2018.07.06"]
[EventType "swiss"]
[EventCountry "GER"]
[SourceTitle "playchess.com"]
[Source "ChessBase"]
[SourceQuality "1"]
[TimeControl "40/5400+30:1800+30"]

1. Nf3 d5 2. c4 dxc4 3. e3 Nf6 4. Bxc4 e6 5. d4 c5 6. O-O a6 7. dxc5 Qxd1 8. Rxd1 Bxc5 9. Be2 Nbd7 10. Nbd2 b6 11. Nc4 1/2-1/2

[Event "Schachfestival Open-A 2018"]
[Site "Lueneburg"]
[Date "2018.07.09"]
[Round "5"]
[White "Karpatchev, Aleksandr"]
[Black "Simantsev, Mikhail"]
[Result "1/2-1/2"]
[ECO "C47"]
[WhiteElo "2469"]
[BlackElo "2434"]
[Annotator "ChessBase"]
[PlyCount "21"]
[EventDate "2018.07.06"]
[EventType "swiss"]
[EventCountry "GER"]
[SourceTitle "playchess.com"]
[Source "ChessBase"]
[SourceQuality "1"]
[TimeControl "40/5400+30:1800+30"]

1. e4 e5 2. Nf3 Nc6 3. Nc3 Nf6 4. d4 exd4 5. Nxd4 Bb4 6. Nxc6 bxc6 7. Bd3 d5 8. exd5 cxd5 9. O-O O-O 10. h3 c6 11. Qf3 1/2-1/2